 Dungeon Crawl Stone Soup version 0.31-a0-339-gda1cbd555d (webtiles) character file.

Game seed: 8114093340890326483

16578 drugrobin the Basher (level 11, -1/95 HPs)
             Began as a Demigod Delver on July 20, 2023.
             Killed from afar by a gargoyle (16 damage)
             ... with a stone arrow
             ... in a volcano.
             The game lasted 00:52:51 (15868 turns).

drugrobin the Basher (Demigod Delver)              Turns: 15868, Time: 00:52:51

Health: -1/95      AC: 11    Str: 29    XL:     11   Next: 82%
Magic:  16/20      EV: 12    Int: 14    God:
Gold:   422        SH:  4    Dex: 18    Spells: 5/18 levels left

rFire   + + .        a - +4 mace
rCold   + . .        v - +0 buckler
rNeg    . . .        L - +0 robe {rC+ rF+}
rPois   .            (no helmet)
rElec   .            s - +1 cloak
rCorr   .            K - +1 pair of gloves {Dex+3}
SInv    .            d - +0 pair of boots
Will    +....        z - amulet of magic regeneration
Stlth   ++++         I - ring of protection from fire
HPRegen 0.35/turn    Z - ring "Borag" {AC+4 Str+4 Int+2 Stlth+}
MPRegen 0.57/turn

%: no passive effects
@: very slightly contaminated
A: high MP 1, forlorn, divine attributes
a: no special abilities


You were in a volcano.
You visited 2 branches of the dungeon, and saw 13 of its levels.
You also visited: Volcano.

You collected 842 gold pieces.
You spent 420 gold pieces at shops.

Inventory:

Hand Weapons
 a - a +4 mace (weapon)
 b - a +1 dagger of venom
 Q - a +1 war axe of flaming
Missiles
 c - a throwing net
 r - 2 javelins
 w - 18 poisoned darts (quivered)
 H - 8 boomerangs
 W - 4 curare-tipped darts
Armour
 d - a +0 pair of boots (worn)
 s - a +1 cloak (worn)
 v - a +0 buckler (worn)
 C - a +0 troll leather armour
 K - a +1 pair of gloves of dexterity (worn)
 L - a +0 robe of resistance (worn)
Jewellery
 n - a +4 ring of protection
 z - an amulet of magic regeneration (around neck)
 I - a ring of protection from fire (left hand)
 U - a ring of wizardry
 Z - the ring "Borag" (right hand) {AC+4 Str+4 Int+2 Stlth+}
   (You found it on level 12 of the Dungeon)

   [ring of protection]

   AC:        It affects your AC (+4).
   Str:       It affects your strength (+4).
   Int:       It affects your intelligence (+2).
   Stlth:     It makes you more stealthy.
Wands
 f - a wand of flame (7)
 g - a wand of digging (2)
 i - a wand of roots (7)
 G - a wand of polymorph (17)
 J - a wand of charming (4)
Scrolls
 h - a scroll of butterflies {unknown}
 k - 8 scrolls of teleportation
 o - 2 scrolls of fog
 B - 2 scrolls of immolation
 E - 2 scrolls of vulnerability
 M - a scroll of blinking
 N - 2 scrolls of poison
 R - a scroll of brand weapon {unknown}
Potions
 e - a potion of resistance {unknown}
 j - a potion of cancellation {unknown}
 l - 7 potions of curing
 m - 5 potions of attraction
 p - 3 potions of enlightenment
 q - a potion of brilliance {unknown}
 t - 3 potions of heal wounds
 u - 4 potions of lignification {unknown}
 x - 2 potions of invisibility
 D - 4 potions of mutation
 F - a potion of degeneration {unknown}
 V - 2 potions of might {unknown}
 X - 2 potions of magic {unknown}


   Skills:
 + Level 8.7 Fighting
 + Level 13.6 Maces & Flails
 - Level 1.7 Dodging
 - Level 4.5 Stealth
 - Level 4.0 Spellcasting
 - Level 8.0 Conjurations


You had 5 spell levels left.
You knew the following spells:

 Your Spells              Type           Power      Damage    Failure   Level
a - Magic Dart            Conj           100%       1d8       1%          1
b - Call Imp              Summ           4%         N/A       34%         2
c - Mephitic Cloud        Conj/Pois/Air  10%        N/A       24%         3
d - Searing Ray           Conj           50%        2d6       1%          2
e - Foxfire               Conj/Fire      56%        2x1d6     4%          1
f - Fulminant Prism       Conj/Hex       7%         3d7       41%         4

Your spell library contained the following spells:

 Spells                   Type           Power      Damage    Failure   Level
 Sting                    Tmut/Pois      8%         1d3       22%         1
 Poisonous Vapours        Pois/Air       4%         N/A       34%         2
 Tukima's Dance           Hex            2%         N/A       56%         3
 Animate Dead             Necr           2%         N/A       92%         4
 Olgreb's Toxic Radiance  Pois           2%         N/A       92%         4
 Passage of Golubria      Tloc           2%         N/A       92%         4
 Yara's Violent Unravell  Hex/Tmut       1%         3d3       99%         5
 Leda's Unmaking          Conj/Erth      7%         9d2       100%        6
 Haunt                    Necr/Summ      1%         N/A       100%        7
 Infestation              Necr           1%         N/A       100%        8


Dungeon Overview and Level Annotations

Branches:
Dungeon (12/15)            Temple (0/1) D:6            Lair (1/5) D:8
    Orc (0/2) D:10        Volcano (1/1)

Shops:
D:7 ?

Annotations:
D:3 Ijyb
D:12 Erolcha


Innate Abilities, Weirdness & Mutations

You have an increased reservoir of magic. (+10% MP)
You shall have no god before yourself.
Your divine heritage dramatically boosts your attributes as you level up.


Message History

The grasping roots constrict the gargoyle.
The grasping roots constrict the alligator skeleton.
The gargoyle escapes!
The alligator skeleton struggles to escape constriction.
Unknown command.
Unknown command.
Unknown command.
Unknown command.
Unknown command.
Aiming: Polymorph
Press: ? - help, Shift-Dir - straight line, p - gargoyle
Okay, then.
Unknown command.
Unknown command.
Unknown command.
Unknown command.
Unknown command.
Casting: Call Imp (dangerous; 34% risk of failure)
Confirm with . or Enter, or press ? or * to list all spells.
Aiming: Searing Ray (safe; 1% risk of failure)
Press: ? - help, Shift-Dir - straight line, f/p - gargoyle
Aim: a gargoyle, wielding a +0 flail (black smoke, heavily damaged, 90% to hit)
The searing ray hits the gargoyle.
The gargoyle is heavily damaged. (Press . to maintain the ray.)
The grasping roots constrict the alligator skeleton.
The roots release their grip on the alligator skeleton.
The gargoyle hurls a stone arrow at you.
The stone arrow hits you!
* * * LOW HITPOINT WARNING * * *
Unknown command.
Unknown command.
Unknown command.
Unknown command.
Unknown command.
The searing ray hits the gargoyle.
The gargoyle is heavily damaged.
The gargoyle hurls a stone arrow at you.
The stone arrow hits you!
You die...

###### ##.9.@#
########### ##Z.####
###..##.....## #..##
##........###..
##..#####..............
##....................
###.9.........≈§≈§...
##..........≈§§§≈≈≈≈.
##..........≈≈§§≈≈§≈§≈
##........§§§≈§§§§≈≈§≈§


You could see a gargoyle and an alligator skeleton.

Vanquished Creatures
  A boulder beetle (D:11)
  A two-headed ogre (D:10)
  Sonja (D:12)
  Pikel (D:6)
  2 cyclopes
  An unseen horror (D:12)
  A cane toad (Lair:1)
  3 kobold demonologists
  Maggie (D:6)
  An efreet (D:12)
  2 trolls
  Grinder (D:6)
  3 flying skulls (Volcano)
  3 shadows (D:9)
  4 wraiths
  4 wyverns (D:8)
  18 yaks
  3 fire bats (Lair:1)
  Eustachio (D:4)
  A basilisk (D:8)
  6 vampire mosquitoes
  A two-headed ogre zombie (D:10)
  2 acid dragons
  2 water moccasins (D:8)
  Duvessa (D:5)
  An ice beast (D:7)
  2 orc warriors
  2 centaurs (D:7)
  2 kobold brigands
  2 phantoms
  3 lemures (D:6)
  4 bullfrogs
  A gnoll sergeant (D:12)
  2 scorpions (D:5)
  13 wights
  A wyvern zombie (D:6)
  Dowan (D:5)
  14 killer bees
  3 troll zombies (D:10)
  A howler monkey (D:9)
  A bullfrog zombie (D:6)
  A jelly (D:6)
  4 hounds
  11 orc priests
  A gnoll bouda (D:8)
  A sleepcap (D:4)
  6 iguanas
  14 orc wizards
  4 ogre zombies (D:10)
  6 gnolls
  9 adders
  4 shadow imps
  3 white imps
  An ufetubus (D:5)
  3 dart slugs
  49 orcs
  9 ball pythons
  9 bats
  8 endoplasms
  A giant cockroach (D:2)
  14 goblins
  15 hobgoblins
  5 quokkas
  9 frilled lizards
  2 goblin skeletons (D:10)
  3 goblin zombies (D:10)
  A hobgoblin skeleton (D:10)
  2 hobgoblin zombies (D:10)
  24 kobolds
  An orc skeleton (D:10)
  16 orc zombies (D:10)
  7 rats
361 creatures vanquished.

Vanquished Creatures (collateral kills)
  An ogre (D:5)
  A kobold brigand (D:6)
  A gnoll (D:8)
  An orc (D:6)
4 creatures vanquished.

Vanquished Creatures (others)
  A wight (D:6)
  54 foxfires
  4 fulminant prisms
59 creatures vanquished.

Grand Total: 424 creatures vanquished

Notes
Turn   | Place    | Note
-------+----------+-------------------------------------------
     0 | D:5      | drugrobin the Demigod Delver began the quest for the Orb.
     0 | D:5      | Reached XP level 1. HP: 18/18 MP: 3/3
     4 | D:5      | Noticed Eustachio
    31 | D:5      | Noticed an iguana
    45 | D:5      | Noticed a phantom
    77 | D:3      | Noticed Ijyb
   129 | D:2      | Reached skill level 2 in Maces & Flails
   213 | D:2      | Identified the +1 cloak of the Flute {-Tele Int+2 Dex+2}
   246 | D:1      | Reached XP level 2. HP: 23/25 MP: 4/4
   332 | D:1      | Reached skill level 3 in Maces & Flails
   584 | D:1      | Reached XP level 3. HP: 28/30 MP: 5/5
  1077 | D:1      | Learned a level 1 spell: Magic Dart
  1651 | D:2      | Reached skill level 4 in Maces & Flails
  1671 | D:2      | Reached XP level 4. HP: 22/37 MP: 6/6
  2188 | D:3      | Learned a level 2 spell: Call Imp
  2338 | D:3      | Noticed a balrug
  2462 | D:3      | Reached XP level 5. HP: 27/42 MP: 3/8
  2562 | D:3      | Identified the +9 dagger of Xofoaj {heavy, *Slow rPois
                  | Int-3 SInv}
  2889 | D:4      | Reached skill level 5 in Maces & Flails
  2889 | D:4      | Reached skill level 1 in Spellcasting
  3888 | D:5      | Noticed Duvessa
  3894 | D:5      | Noticed Dowan
  3976 | D:4      | Reached XP level 6. HP: 34/50 MP: 10/12
  4077 | D:4      | Killed Eustachio
  4143 | D:4      | Reached skill level 6 in Maces & Flails
  4219 | D:5      | Reached XP level 7. HP: 56/56 MP: 13/15
  4413 | D:6      | Noticed Maggie
  4485 | D:6      | Noticed Grinder
  4818 | D:6      | Reached skill level 7 in Maces & Flails
  4970 | D:6      | Found a staircase to the Ecumenical Temple.
  5320 | D:6      | Noticed Pikel
  5343 | D:6      | Killed Pikel
  5344 | D:6      | Reached skill level 8 in Maces & Flails
  5344 | D:6      | Reached XP level 8. HP: 35/62 MP: 17/17
  5453 | D:6      | Identified the +11 hand axe "Mamewkie" {antimagic, *Noise
                  | rElec rN+}
  5530 | D:6      | Reached skill level 9 in Maces & Flails
  6141 | D:6      | Learned a level 3 spell: Mephitic Cloud
  6363 | D:6      | Reached skill level 1 in Conjurations
  6697 | D:7      | Found Tumug's Magic Scroll Shoppe.
  7070 | D:6      | Reached skill level 10 in Maces & Flails
  7097 | D:7      | Bought a scroll of teleportation for 42 gold pieces
  7097 | D:7      | Bought a scroll of blinking for 105 gold pieces
  7099 | D:7      | Bought a scroll of poison for 56 gold pieces
  7099 | D:7      | Bought a scroll of identify for 28 gold pieces
  7099 | D:7      | Bought a scroll of enchant weapon for 105 gold pieces
  7099 | D:7      | Bought a scroll of amnesia for 56 gold pieces
  7219 | D:7      | Learned a level 2 spell: Searing Ray
  7244 | D:7      | Reached XP level 9. HP: 68/68 MP: 18/18
  7251 | D:7      | Got the Guidebook on Bruises and the Wind
  7256 | D:7      | Learned a level 1 spell: Foxfire
  8575 | D:8      | Reached skill level 11 in Maces & Flails
  9184 | D:8      | Reached skill level 12 in Maces & Flails
  9401 | D:7      | Reached XP level 10. HP: 77/77 MP: 16/19
  9691 | D:8      | Found a staircase to the Lair.
  9825 | D:8      | Learned a level 4 spell: Fulminant Prism
  9832 | D:8      | Reached skill level 5 in Conjurations
 10424 | D:5      | Killed Dowan
 10430 | D:5      | Killed Duvessa
 10598 | D:6      | Killed Maggie
 10664 | D:6      | Killed Grinder
 10665 | D:6      | Reached skill level 5 in Fighting
 10828 | D:7      | Bought a scroll of identify for 28 gold pieces
 11972 | D:10     | Entered Level 10 of the Dungeon
 12132 | D:10     | Noticed a two-headed ogre
 12145 | D:10     | Killed a two-headed ogre
 12461 | D:10     | Found a staircase to the Orcish Mines.
 12737 | D:10     | Reached XP level 11. HP: 80/91 MP: 20/20
 13871 | D:11     | Noticed a boulder beetle
 13908 | D:11     | Killed a boulder beetle
 14808 | D:11     | Reached skill level 13 in Maces & Flails
 15127 | D:12     | Noticed Sonja
 15146 | D:12     | Killed Sonja
 15171 | D:12     | Identified the ring "Borag" {AC+4 Str+4 Int+2 Stlth+}
 15242 | D:12     | Noticed Erolcha
 15425 | Lair:1   | Entered Level 1 of the Lair of Beasts
 15666 | Lair:1   | Found a dark tunnel.
 15702 | Volcano  | Entered a volcano
 15868 | Volcano  | Killed from afar by a gargoyle

Illustrated notes

Levels and vault maps discovered:
D:1:      ncdulo_wetmaze, layout_basic, minmay_heptomino_o4
D:2:      kennysheep_six_static_rooms, layout_loops_cross,
          nicolae_ecumenical_oubliette
D:3:      layout_loops_ring, makhleb_altar_promises_db, minmay_misc_feat_alley,
          uniq_ijyb
D:4:      layout_loops_corners
D:5:      layout_cave_pools, lemuel_coloured_pillars_altar,
          mainiacjoe_overflow_24_doors, lemuel_crystal_altar, uniq_duvessa,
          uniq_eustachio
D:6:      layout_basic, lemuel_zombie_altar_yredelemnul, minitemple,
          temple_doors_cd, uniq_grinder, uniq_pikel, uniq_maggie
D:7:      layout_layer_cave, serial_shops, shop
D:8:      layout_basic, lemuel_round_altar, tso_altar, minmay_lair_entry_grove,
          serial_curves, eino_curves_03, eino_curves_03
D:9:      layout_cave_pools, old_standard_altar, serial_column_ruins,
          column_ruins_hut, column_ruins_open_medium, column_ruins_open_small,
          column_ruins_grid_2, column_ruins_open_tiny, column_ruins_open_small,
          column_ruins_grid_1, column_ruins_corridor_corner
D:10:     layout_cave_pools, grunt_dithmenos_smoke,
          nicolae_elyvilon_peaceful_grove, zombieorc2_lemuel
D:11:     layout_basic, st_stairs_1, trog_hazing_becter
D:12:     layout_stronghold, lightli_minifort, uniq_erolcha, uniq_sonja
Lair:1:   layout_hall_layers, nicolae_volcano_entry_batcave,
          chequers_serial_rivers_micro_e, dreamdust_mushroom_princess,
          beast_lair_carwin_3
Volcano:  volcano_tomb [vts_chambers]

Skill      XL: |  1  2  3  4  5  6  7  8  9 10 11 |
---------------+----------------------------------+-----
Maces & Flails | 2 3 4 5 6 8 10 12 13 | 13.6
Spellcasting   | 2 3 4 |  4.0
Conjurations   | 3 4 7 8 |  8.0
Fighting       | 3 6 8 |  8.7
Dodging        | |  1.7
Stealth        | |  4.5

Action                     |  1- 3 |  4- 6 |  7- 9 | 10-12 || total
---------------------------+-------+-------+-------+-------++-------
  Melee: Mace              |   125 |   126 |       |   501 ||   752
         Punch             |     1 |       |     8 |     1 ||    10
         Dagger            |       |    57 |    15 |    74 ||   146
         Whip              |       |    46 |   452 |    48 ||   546
   Fire: Shortbow          |    41 |    18 |     5 |       ||    64
         Orcbow            |       |       |     5 |       ||     5
  Throw: Boomerang         |       |     4 |     3 |       ||     7
         Dart              |       |       |     1 |       ||     1
   Cast: Magic Dart        |     4 |    15 |    14 |    25 ||    58
         Call Imp          |       |     6 |    17 |     6 ||    29
         Mephitic Cloud    |       |       |     6 |    31 ||    37
         Searing Ray       |       |       |     8 |    22 ||    30
         Foxfire           |       |       |       |    33 ||    33
         Fulminant Prism   |       |       |       |     4 ||     4
  Evoke: Wand              |     1 |       |     2 |     1 ||     4
    Use: Scroll            |     1 |       |     6 |     5 ||    12
         Potion            |     1 |       |       |       ||     1
   Stab: Sleeping          |     6 |     5 |     3 |       ||    14
         Distracted        |       |     1 |       |       ||     1
         Confused          |       |       |     9 |    26 ||    35
 Armour: Leather armour    |    27 |    68 |   160 |    36 ||   291
         Ring mail         |    37 |       |       |       ||    37
         Steam dragon scal |       |       |       |   188 ||   188
         Troll leather arm |       |       |       |   103 ||   103
         Robe              |       |       |       |     6 ||     6
  Dodge: Dodged            |    86 |   132 |   213 |   414 ||   845
  Block: Buckler           |       |       |       |   130 ||   130

Table legend: (Time is in decaauts)
 A = Elapsed time spent in this place.
 B = Non-inter-level travel time spent in this place.
 C = Inter-level travel time spent in this place.
 D = Time resting spent in this place.
 E = Time spent auto-exploring this place.
 F = Levels seen in this place.
 G = Mean time per level.
                   A        B        C        D        E       F      G
               +--------+--------+--------+--------+--------+-----+--------+
         Total |  15684 |  14907 |    777 |   2139 |   8231 |  14 | 1120.3 |
       Dungeon |  15257 |  14480 |    777 |   2135 |   8166 |  12 | 1271.4 |
          Lair |    267 |    267 |      0 |      0 |     15 |   1 |  267.0 |
       Volcano |    160 |    160 |      0 |      4 |     50 |   1 |  160.0 |
               +--------+--------+--------+--------+--------+-----+--------+

Top non-repeatable levels by time:
     D:6: 2464 daAuts
     D:8: 2133 daAuts
     D:7: 1531 daAuts
     D:4: 1249 daAuts
    D:10: 1208 daAuts
     D:9: 1159 daAuts
    D:11: 1096 daAuts
     D:2: 1001 daAuts
     D:5: 955 daAuts
     D:1: 901 daAuts
     D:3: 898 daAuts
    D:12: 656 daAuts
  Lair:1: 267 daAuts
 Volcano: 160 daAuts
